 Dungeon Crawl Stone Soup version 0.23.2 (webtiles) character file.

Game seed: 3527071773630397045

215 redwoodhats the Caller (level 5, 0/35 HPs)
             Began as a Demonspawn Summoner on Apr 1, 2019.
             Succumbed to a killer bee's poison
             ... on level 4 of the Dungeon.
             The game lasted 00:25:25 (4210 turns).

redwoodhats the Caller (Demonspawn Summoner)        Turns: 4210, Time: 00:25:25

Health: 0/35       AC:  5    Str:  6 (9)  XL:     5   Next: 60%
Magic:  0/11       EV: 15    Int: 16 (17) God:
Gold:   181        SH:  0    Dex: 11 (13) Spells: 3/11 levels left

rFire    . . .     SeeInvis .   m - +2 falchion (slice)
rCold    . . .     Gourm    .   (no shield)
rNeg     . . .     Faith    .   a - +1 robe
rPois    .         Spirit   +   (no helmet)
rElec    .         Reflect  .   (no cloak)
rCorr    .         Harm     .   (no gloves)
MR       .....                  (no boots)
Stlth    ++........             (no amulet)
HPRegen  0.11/turn              (no ring)
MPRegen  0.12/turn              l - +3 ring of evasion

@: lethally poisoned (0 -> -8)
A: claws 1, thin metallic scales 1, high mp 1, magic shield, MP-powered wands
a: no special abilities


You were on level 4 of the Dungeon.
You were not hungry.

You visited 1 branch of the dungeon, and saw 4 of its levels.

You collected 181 gold pieces.

Inventory:

Hand Weapons
 i - a cursed -1 short sword
 j - a +1 quarterstaff of protection
 m - a +2 falchion of slicing (weapon)
Armour
 a - a +1 robe (worn)
Jewellery
 l - a +3 ring of evasion (right claw)
Wands
 d - a wand of clouds (4)
Scrolls
 e - 2 scrolls of identify
 f - a scroll of enchant armour
 g - 2 scrolls of enchant weapon
Potions
 b - 2 potions of flight
 k - a potion of might
Comestibles
 c - 4 rations


   Skills:
 + Level 0.3 Fighting
 + Level 0.6 Long Blades
 + Level 0.2 Staves
 + Level 2.3 Dodging
 + Level 1.8 Stealth
 + Level 0.2 Unarmed Combat
 + Level 3.7 Spellcasting
 + Level 5.4 Summonings


You had 3 spell levels left.
You knew the following spells:

 Your Spells              Type           Power        Failure   Level  Hunger
a - Summon Small Mammal   Summ           ###.         1%          1    None
b - Summon Guardian Gole  Hex/Summ       ##......     17%         3    ###....
c - Summon Lightning Spi  Summ/Air       ##......     50%         4    ####...

Your spell library contained the following spells:

 Spells                   Type           Power        Failure   Level  Hunger
 Call Imp                 Summ           ###.....     2%          2    ##.....
 Call Canine Familiar     Summ           ###.....     5%          3    ###....
 Summon Ice Beast         Ice/Summ       ##......     50%         4    ####...


Dungeon Overview and Level Annotations

Branches:
Dungeon (4/15)
 Temple: D:4-7

Altars:
Gozag
Hepliaklqana
Yredelemnul

Shops:
D:4 [


Innate Abilities, Weirdness & Mutations

You have sharp fingernails.
You are partially covered in thin metallic scales. (AC +2)
When hurt, damage is shared between your health and your magic reserves.
You have an increased reservoir of magic. (+10% MP)
You expend magic power (3 MP) to strengthen your wands.


Message History

The killer bee is moderately wounded.
* * * LOW HITPOINT WARNING * * *
You feel sick. The killer bee completely misses you.
The killer bee barely misses you. x2; You riposte.
You closely miss the killer bee.
The killer bee is moderately wounded.
Casting: Summon Guardian Golem (safe; 17% risk of failure)
Confirm with . or Enter, or press ? or * to list all spells.
A guardian golem appears, shielding your allies.
* * * LOW HITPOINT WARNING * * *
You feel sick. The killer bee stings you. The killer bee closely misses you.
You riposte.
You barely miss the killer bee.
The killer bee is moderately wounded.
The killer bee barely misses you.
You swap places.
* * * LOW HITPOINT WARNING * * *
You feel sick.
The killer bee stings your guardian golem but does no damage.
The killer bee stings your guardian golem.
You die...

......# #........
......# #...........
#.# .... ......#
#...........##'##....
......# #.#....##
o.......... ......#
#.###### ..........
......# #.# .......
......# #.# ..y.
......#
#.############.#
......#
#....@.8yay....#
#'#####
################ #.#
#.# #.# #.# #.# #.#
#.#


You could see a worker ant, 2 killer bees and a friendly guardian golem.

Vanquished Creatures
  A gnoll shaman (D:4)
  An iguana (D:4)
  An adder (D:3)
  A dart slug (D:1)
  A leopard gecko (D:3)
  4 orcs
  A ball python (D:1)
  A bat (D:3)
  A giant cockroach (D:2)
  A hobgoblin (D:3)
  2 jackals (D:1)
  A frilled lizard (D:3)
  A goblin (D:3)
  2 kobolds (D:3)
19 creatures vanquished.

Vanquished Creatures (collateral kills)
  A hound (D:2)
  2 orc priests (D:4)
  An orc wizard (D:4)
  A worker ant (D:3)
  3 adders
  3 worms
  2 dart slugs (D:1)
  A leopard gecko (D:2)
  6 orcs
  2 giant cockroaches
  9 goblins
  A hobgoblin (D:1)
  A jackal (D:1)
  A ball python (D:3)
  3 bats
  6 frilled lizards
  9 kobolds
  4 rats
56 creatures vanquished.

Grand Total: 75 creatures vanquished

Notes
Turn   | Place    | Note
-------+----------+-------------------------------------------
     0 | D:1      | redwoodhats the Demonspawn Summoner began the quest for the
                  | Orb.
     0 | D:1      | Reached XP level 1. HP: 13/13 MP: 3/3
   449 | D:1      | Gained mutation: You have sharp fingernails. [demonic
                  | ancestry]
   449 | D:1      | Reached XP level 2. HP: 16/19 MP: 1/5
  1165 | D:1      | Gained mutation: You have an increased reservoir of magic.
                  | (+10% MP) [potion of mutation]
  1165 | D:1      | Gained mutation: You expend magic power (3 MP) to
                  | strengthen your wands. [potion of mutation]
  1781 | D:2      | Reached XP level 3. HP: 6/24 MP: 1/7
  2004 | D:2      | Learned a level 3 spell: Summon Guardian Golem
  2221 | D:2      | Found a hazy altar of Hepliaklqana.
  2408 | D:2      | Found a basalt altar of Yredelemnul.
  2408 | D:2      | Found an opulent altar of Gozag.
  3012 | D:3      | Gained mutation: When hurt, damage is shared between your
                  | health and your magic reserves. [demonic ancestry]
  3012 | D:3      | Reached XP level 4. HP: 30/30 MP: 2/9
  3597 | D:3      | Reached skill level 5 in Summonings
  3815 | D:3      | Learned a level 4 spell: Summon Lightning Spire
  3903 | D:4      | Gained mutation: You are partially covered in thin metallic
                  | scales. (AC +2) [demonic ancestry]
  3903 | D:4      | Reached XP level 5. HP: 35/35 MP: 3/10
  4038 | D:4      | Found Qotierch's Armour Boutique.
  4207 | D:4      | HP: 1/35 [poisoned by a killer bee]
  4210 | D:4      | Succumbed to a killer bee's poison

Skill      XL: |  1  2  3  4 |
---------------+-------------+-----
Dodging        | 2 |  2.3
Spellcasting   | 3 |  3.7
Summonings     | 5 |  5.4
Fighting       | |  0.3
Long Blades    | |  0.6
Staves         | |  0.2
Stealth        | |  1.8
Unarmed Combat | |  0.2

Action                   |  1- 3 |  4- 6 || total
-------------------------+-------+-------++-------
Melee: Unarmed           |    52 |       ||    52
       Quarterstaff      |     4 |       ||     4
       Falchion          |       |    45 ||    45
 Cast: Summon Small Mamm |   125 |    55 ||   180
       Summon Guardian G |     1 |     4 ||     5
       Summon Lightning  |       |     2 ||     2
Evoke: Wand              |       |     1 ||     1
  Use: Potion            |     4 |     4 ||     8
       Scroll            |     6 |     3 ||     9
 Stab: Distracted        |     2 |       ||     2
       Sleeping          |     1 |     2 ||     3
  Eat: Ration            |     3 |     1 ||     4
Armor: Robe              |    18 |     5 ||    23
Dodge: Dodged            |    58 |    50 ||   108
       Rpst.: Falchion   |       |    24 ||    24
